 Dungeon Crawl Stone Soup version 0.21-a0-372-gd0ff781 (webtiles) character file.

18428 EvilAshe the Martial Artist (level 12, -18/92 HPs)
             Began as a Gnoll Transmuter on Oct 17, 2017.
             Was a High Priest of Yredelemnul.
             Demolished by a soul eater (23 damage)
             ... summoned by Frances
             ... on level 12 of the Dungeon.
             The game lasted 00:52:59 (10415 turns).

EvilAshe the Martial Artist (Gnoll Transmuter)     Turns: 10415, Time: 00:53:00

Health: -18/92     AC:  2    Str: 14    XL:     12   Next: 58%
Magic:  20/24      EV: 36    Int: 19    God:    Yredelemnul [*****.]
Gold:   618        SH:  0    Dex: 26    Spells: 13/28 levels left

rFire    . . .     SeeInvis .     - Unarmed
rCold    + . .     Gourm    .   (shield currently unavailable)
rNeg     . . .     Faith    .   (armour currently unavailable)
rPois    x         Spirit   .   (helmet currently unavailable)
rElec    .         Reflect  .   (cloak currently unavailable)
rCorr    .         Harm     .   (gloves currently unavailable)
MR       .....                  (boots currently unavailable)
Stlth    +++++.....             s - amulet of regeneration
HPRegen  0.65/turn              (no ring)
MPRegen  0.19/turn              F - ring of protection from cold

@: agile, lethally poisoned (-18 -> -19), spider-form (expiring), weakened
A: distributed training, strong nose
a: End Transformation, Recall Undead Slaves, Injury Mirror, Animate Dead, Drain
Life, Enslave Soul, Renounce Religion


You were on level 12 of the Dungeon.
You worshipped Yredelemnul.
Yredelemnul was extremely pleased with you.
You were not hungry.
You were a venomous arachnid creature.
You visited 1 branch of the dungeon, and saw 12 of its levels.

You collected 838 gold pieces.
You spent 220 gold pieces at shops.

Inventory:

Missiles
 a - 305 arrows
 j - 4 javelins of returning (quivered)
Armour
 i - a +2 robe of magic resistance (melded)
 m - a +1 pair of boots (melded)
 y - the +4 shield "Zylidexo" (melded) {+Fly rPois rN+ Dex+2}
   (You found it on level 11 of the Dungeon)

   It affects your dexterity (+2).
   It protects you from poison.
   It protects you from negative energy.
   It lets you fly.
 I - a +0 cloak (melded)
 K - a +1 helmet (melded)
Jewellery
 s - an amulet of regeneration (around neck)
 D - an uncursed ring of ice
 F - a ring of protection from cold (right front leg)
Wands
 l - a wand of lightning (0/15)
 n - a wand of confusion (20/48)
 M - a wand of confusion (29/48)
 N - a wand of flame (28/48)
Scrolls
 f - 2 scrolls of enchant weapon
 h - a scroll of fog
 o - 3 scrolls of magic mapping
 p - 3 scrolls of remove curse
 t - 2 scrolls of blinking
 u - 3 scrolls of teleportation
 B - 2 scrolls of identify
Potions
 e - 2 potions of brilliance {unknown}
 k - 5 potions of heal wounds
 q - 5 potions of agility
 v - 3 potions of flight
 x - a potion of invisibility
 A - a potion of cancellation
 E - a potion of ambrosia
 G - 7 potions of curing
 J - a potion of haste
Books
 c - a book of Changes

   Spells                             Type                      Level
   a - Beastly Appendage              Transmutation                1
   b - Sticks to Snakes               Transmutation                2
   c - Spider Form                    Transmutation/Poison         3
   d - Ice Form                       Ice/Transmutation            4
   e - Blade Hands                    Transmutation                5
 r - a book of Conjurations

   Spells                             Type                      Level
   a - Magic Dart                     Conjuration                  1
   b - Searing Ray                    Conjuration                  2
   c - Dazzling Spray                 Conjuration/Hexes            3
   d - Fulminant Prism                Conjuration/Hexes            4
   e - Force Lance                    Conjuration/Translocation    4
   f - Iskenderun's Mystic Blast      Conjuration                  4
 w - a book of Misfortune

   Spells                             Type                      Level
   a - Confusing Touch                Hexes                        1
   b - Confuse                        Hexes                        3
   c - Gell's Gravitas                Translocation                3
   d - Petrify                        Transmutation/Earth          4
   e - Metabolic Englaciation         Hexes/Ice                    5
   f - Yara's Violent Unravelling     Hexes/Transmutation          5
 C - a book of Maledictions

   Spells                             Type                      Level
   a - Corona                         Hexes                        1
   b - Ensorcelled Hibernation        Hexes/Ice                    2
   c - Confuse                        Hexes                        3
   d - Tukima's Dance                 Hexes                        3
   e - Dazzling Spray                 Conjuration/Hexes            3
 H - a book of Frost

   Spells                             Type                      Level
   a - Freeze                         Ice                          1
   b - Throw Frost                    Conjuration/Ice              2
   c - Ozocubu's Armour               Charms/Ice                   3
   d - Throw Icicle                   Conjuration/Ice              4
   e - Summon Ice Beast               Ice/Summoning                4
 O - a book of Minor Magic

   Spells                             Type                      Level
   a - Magic Dart                     Conjuration                  1
   b - Blink                          Translocation                2
   c - Call Imp                       Summoning                    2
   d - Slow                           Hexes                        2
   e - Conjure Flame                  Conjuration/Fire             3
   f - Mephitic Cloud                 Conjuration/Poison/Air       3
Comestibles
 b - a chunk of flesh
 d - 9 bread rations
 g - 7 royal jellies
 z - 2 meat rations
 L - 3 fruits


   Skills:
 + Level 7.8 Fighting
 + Level 7.3 Short Blades
 + Level 7.3 Long Blades
 + Level 7.3 Axes
 + Level 7.3 Maces & Flails
 + Level 7.3 Polearms
 + Level 7.3 Staves
 + Level 7.3 Slings
 + Level 7.3 Bows
 + Level 7.3 Crossbows
 + Level 7.3 Throwing
 + Level 7.3 Armour
 + Level 8.7 Dodging
 + Level 7.3 Stealth
 + Level 7.3 Shields
 + Level 9.8 Unarmed Combat
 + Level 8.9 Spellcasting
 + Level 6.0 Conjurations
 + Level 6.0 Hexes
 + Level 6.0 Charms
 + Level 6.0 Summonings
 + Level 6.0 Necromancy
 + Level 6.0 Translocations
 + Level 7.2 Transmutations
 + Level 6.0 Fire Magic
 + Level 6.0 Ice Magic
 + Level 6.0 Air Magic
 + Level 6.0 Earth Magic
 + Level 6.0 Poison Magic
 + Level 8.0 Invocations
 + Level 7.3 Evocations


You had 13 spell levels left.
You knew the following spells:

 Your Spells              Type           Power        Failure   Level  Hunger
a - Beastly Appendage     Tmut           #####.       3%          1    None
b - Blade Hands           Tmut           #####.....   28%         5    #####..
i - Ice Form              Ice/Tmut       ####....     16%         4    ###....
p - Spider Form           Tmut/Pois      ####......   7%          3    None
s - Sticks to Snakes      Tmut           #####...     4%          2    None


Dungeon Overview and Level Annotations

Branches:
Dungeon (12/15)            Temple (0/1) D:6            Lair (0/6) D:9
    Orc (0/2) D:9

Altars:
Elyvilon
Fedhas
Gozag
Makhleb
Okawaru
Sif Muna
Trog
Vehumet
Yredelemnul
The Shining One

Shops:
D:4 [   D:8 !*(   D:10 !

Annotations:
D:12 Frances


Innate Abilities, Weirdness & Mutations

Your experience applies equally to all skills.
((You have very sharp teeth.))
Your uncanny sense of smell can sniff out nearby items.


Message History

Found 15 arrows.
You feel sick.
The orange demon disappears in a puff of smoke!
The chaos spawn degenerates into a cloud of primal chaos!
Frances mutters in a terrible tongue.
You feel sick.
Frances screams a word of power!
The soul eater misses you.
The ufetubus shouts!
You feel sick.
The ynoxinul disappears in a puff of smoke!
The ufetubus disappears in a puff of smoke! x6
The chaos spawn completely misses you.
You feel sick.
You feel sick.
Frances is no longer moving quickly.
You feel sick.
Your transformation is almost over.
You feel sick. The soul eater hits you!!
You die...
Your body rises from the dead as a mindless zombie.

#..###[####..###### ∆ #
#..§................ #
###................. ∆ #
#.§.............. #
####.§.....(..[####∆ #
#.....4........## ##
#...........>)#.# ###.
#.......3...[.#.#######...
#......@4s...)#..#........
#.............#..##.......
...(...........#...#.#.....
................#.#.#.######
................#....[.#
.....###############...#
.... #...# .. ##..#####
#.......


You could see Frances, a soul eater, a chaos spawn and a red devil.

Vanquished Creatures
  Josephine (D:11)
  Erolcha (D:10)
  A two-headed ogre (D:8)
  2 ugly things
  Psyche (D:10)
  A komodo dragon (D:9)
  2 trolls
  A polar bear (D:9)
  4 hippogriffs
  Prince Ribbit (D:7)
  4 wraiths (D:11)
  3 wyverns
  2 water elementals (D:12)
  A spriggan (D:7)
  7 yaks
  Eustachio (D:5)
  A steam dragon (D:9)
  5 ice beasts
  4 orc warriors
  2 black bears
  A sky beast (D:10)
  7 ogres
  2 wolves
  A phantom (D:5)
  11 centaurs
  A crocodile (D:9)
  A big kobold (D:11)
  7 bullfrogs
  A water moccasin skeleton (D:9)
  4 scorpions
  11 killer bees
  14 wights
  5 howler monkeys
  4 crimson imps
  2 quasits
  5 hounds
  2 centaur zombies
  2 jellies
  4 orc priests
  9 orc wizards
  2 bullfrog skeletons
  A centaur skeleton (D:9)
  Jessica (D:2)
  3 iguanas
  5 worker ants
  Natasha (twice) (D:3)
  A hound zombie (D:6)
  A mummy (D:7)
  A howler monkey zombie (D:9)
  8 gnolls
  6 adders
  2 shadow imps (D:8)
  A white imp (D:9)
  An ufetubus (D:9)
  2 oozes
  An adder zombie (D:7)
  5 leopard geckos
  37 orcs
  5 bats
  18 giant cockroaches
  6 goblins
  10 hobgoblins
  4 jackals (D:6)
  4 quokkas
  5 frilled lizards
  11 kobolds
  A leopard gecko zombie (D:7)
  A quokka simulacrum (D:9)
  A quokka skeleton (D:7)
  11 rats
296 creatures vanquished.

Vanquished Creatures (collateral kills)
  2 two-headed ogres
  The ghost of Shaidar the Fighter, a novice MiBe of Trog (D:8)
  Sonja (D:11)
  An unseen horror (D:10)
  A deep elf mage (D:12)
  A cyclops (D:11)
  Maurice (D:10)
  A centaur skeleton (D:11)
  A polar bear (D:9)
  Grinder (D:4)
  A centaur simulacrum (D:11)
  A water elemental (D:12)
  3 yaks
  A wraith (D:11)
  Grum (D:8)
  An ice beast (D:9)
  5 orc warriors
  4 ogres
  2 wolves (D:8)
  2 centaurs
  A crocodile (D:9)
  2 bullfrogs
  2 wyvern zombies (D:7)
  3 wights
  A howler monkey (D:12)
  2 crimson imps
  A quasit (D:8)
  A jelly (D:11)
  5 orc priests
  4 orc wizards
  4 worker ants
  Natasha (D:3)
  A hound skeleton (D:7)
  A howler monkey zombie (D:7)
  2 adders
  A shadow imp (D:9)
  4 white imps (D:9)
  3 ufetubi (D:9)
  20 orcs
  A giant cockroach (D:6)
  A kobold (D:3)
  A quokka skeleton (D:9)
94 creatures vanquished.

Vanquished Creatures (others)
  11 flying skulls
  A vampire (D:12)
  A wraith (D:12)
  A wyvern zombie (D:9)
  A yak zombie (D:10)
  A wight (D:12)
  A centaur zombie (D:7)
  2 bullfrog zombies (D:12)
  A human zombie (D:7)
  A black bear zombie (D:10)
  A big kobold zombie (D:11)
  A hound zombie (D:12)
  A howler monkey zombie (D:12)
  A worker ant zombie (D:10)
  A scorpion zombie (D:6)
  A giant cockroach zombie (D:7)
  3 orc skeletons
  16 orc zombies
46 creatures vanquished.

Grand Total: 436 creatures vanquished

Notes
Turn   | Place    | Note
-------+----------+-------------------------------------------
     0 | D:1      | EvilAshe the Gnoll Transmuter began the quest for the Orb.
     0 | D:1      | Reached XP level 1. HP: 17/17 MP: 6/6
    83 | D:1      | Reached XP level 2. HP: 21/23 MP: 5/7
    91 | D:1      | Learned a level 2 spell: Sticks to Snakes
   346 | D:1      | Reached XP level 3. HP: 27/28 MP: 7/9
   351 | D:1      | Learned a level 3 spell: Spider Form
   582 | D:1      | Reached skill level 5 in Spellcasting
   885 | D:2      | Noticed Jessica
   919 | D:2      | Reached skill level 1 in Invocations
   920 | D:2      | Killed Jessica
   920 | D:2      | Reached skill level 1 in Short Blades
   920 | D:2      | Reached skill level 1 in Long Blades
   920 | D:2      | Reached skill level 1 in Axes
   920 | D:2      | Reached skill level 1 in Maces & Flails
   920 | D:2      | Reached skill level 1 in Polearms
   920 | D:2      | Reached skill level 1 in Staves
   920 | D:2      | Reached skill level 1 in Slings
   920 | D:2      | Reached skill level 1 in Bows
   920 | D:2      | Reached skill level 1 in Crossbows
   920 | D:2      | Reached skill level 1 in Throwing
   920 | D:2      | Reached skill level 1 in Armour
   920 | D:2      | Reached skill level 1 in Stealth
   920 | D:2      | Reached skill level 1 in Shields
   920 | D:2      | Reached skill level 1 in Evocations
   920 | D:2      | Reached XP level 4. HP: 34/34 MP: 4/11
   942 | D:2      | Reached skill level 1 in Conjurations
   942 | D:2      | Reached skill level 1 in Hexes
   942 | D:2      | Reached skill level 1 in Charms
   942 | D:2      | Reached skill level 1 in Summonings
   942 | D:2      | Reached skill level 1 in Necromancy
   942 | D:2      | Reached skill level 1 in Translocations
   942 | D:2      | Reached skill level 1 in Fire Magic
   942 | D:2      | Reached skill level 1 in Ice Magic
   942 | D:2      | Reached skill level 1 in Air Magic
   942 | D:2      | Reached skill level 1 in Earth Magic
   942 | D:2      | Reached skill level 1 in Poison Magic
  1076 | D:2      | Learned a level 4 spell: Ice Form
  1101 | D:2      | Found a white marble altar of Elyvilon.
  1154 | D:2      | Found a basalt altar of Yredelemnul.
  1163 | D:2      | Became a worshipper of Yredelemnul the Dark
  1679 | D:3      | Noticed a bullfrog
  1686 | D:3      | Killed a bullfrog
  1686 | D:3      | Reached XP level 5. HP: 41/41 MP: 12/12
  1774 | D:3      | Reached * piety under Yredelemnul
  1872 | D:3      | Noticed Natasha
  1892 | D:3      | Killed Natasha
  1892 | D:3      | Reached XP level 6. HP: 27/47 MP: 6/13
  2020 | D:3      | Noticed Natasha
  2025 | D:3      | Killed Natasha
  2172 | D:3      | Noticed Natasha
  2181 | D:3      | Killed Natasha
  2312 | D:3      | Found a deep blue altar of Sif Muna.
  2355 | D:4      | Reached skill level 5 in Dodging
  2514 | D:4      | Noticed Grinder
  2522 | D:4      | Reached ** piety under Yredelemnul
  2527 | D:4      | Killed Grinder
  2527 | D:4      | Reached skill level 7 in Unarmed Combat
  2527 | D:4      | Reached XP level 7. HP: 30/52 MP: 11/15
  2972 | D:4      | Found an iron altar of Okawaru.
  3030 | D:4      | Found Wuoxzidgh's Antique Armour Emporium.
  3039 | D:4      | Learned a level 5 spell: Blade Hands
  3257 | D:5      | Entered Level 5 of the Dungeon
  3734 | D:5      | Noticed Eustachio
  3735 | D:5      | Found a blossoming altar of Fedhas.
  3748 | D:5      | Killed Eustachio
  3748 | D:5      | Reached XP level 8. HP: 56/60 MP: 13/16
  3958 | D:5      | Found a glowing golden altar of the Shining One.
  4254 | D:6      | Found a staircase to the Ecumenical Temple.
  4595 | D:6      | Found a radiant altar of Vehumet.
  4595 | D:6      | Found an iron altar of Okawaru.
  4596 | D:6      | Found a burning altar of Makhleb.
  4714 | D:6      | Reached XP level 9. HP: 52/66 MP: 18/18
  4738 | D:6      | Reached skill level 5 in Transmutations
  5149 | D:7      | Noticed Prince Ribbit
  5180 | D:7      | Killed Prince Ribbit
  5348 | D:7      | Reached skill level 5 in Fighting
  5361 | D:7      | Reached *** piety under Yredelemnul
  5451 | D:7      | Your ally Prince Ribbit died
  5487 | D:7      | Found a bloodstained altar of Trog.
  5577 | D:7      | Reached skill level 8 in Unarmed Combat
  5808 | D:7      | Reached skill level 5 in Invocations
  6213 | D:8      | Noticed a two-headed ogre
  6226 | D:8      | Killed a two-headed ogre
  6226 | D:8      | Reached XP level 10. HP: 71/75 MP: 13/20
  6311 | D:8      | Found an opulent altar of Gozag.
  6334 | D:8      | Reached **** piety under Yredelemnul
  6334 | D:8      | Reached skill level 5 in Short Blades
  6334 | D:8      | Reached skill level 5 in Long Blades
  6334 | D:8      | Reached skill level 5 in Axes
  6334 | D:8      | Reached skill level 5 in Maces & Flails
  6334 | D:8      | Reached skill level 5 in Polearms
  6334 | D:8      | Reached skill level 5 in Staves
  6334 | D:8      | Reached skill level 5 in Slings
  6334 | D:8      | Reached skill level 5 in Bows
  6334 | D:8      | Reached skill level 5 in Crossbows
  6334 | D:8      | Reached skill level 5 in Throwing
  6334 | D:8      | Reached skill level 5 in Armour
  6334 | D:8      | Reached skill level 5 in Stealth
  6334 | D:8      | Reached skill level 5 in Shields
  6334 | D:8      | Reached skill level 5 in Evocations
  6380 | D:8      | Found Huiq's General Store.
  6399 | D:8      | Bought a scroll of magic mapping for 38 gold pieces
  6616 | D:8      | Found a glowing golden altar of the Shining One.
  6643 | D:8      | Found Ypitrau's Antique Weapon Shop.
  6818 | D:8      | Noticed Shaidar's ghost (novice MiBe)
  6836 | D:8      | Killed Shaidar's ghost
  6902 | D:8      | Found Plog's Distillery.
  6910 | D:8      | Bought a potion of haste for 140 gold pieces
  6910 | D:8      | Bought a potion of curing for 42 gold pieces
  7050 | D:8      | Noticed Grum
  7074 | D:8      | Killed Grum
  7107 | D:8      | Noticed a two-headed ogre
  7118 | D:8      | Killed a two-headed ogre
  7452 | D:9      | Reached XP level 11. HP: 76/82 MP: 17/22
  7660 | D:9      | Received a gift from Yredelemnul (3 flying skulls)
  7675 | D:9      | Found a staircase to the Lair.
  7936 | D:9      | Reached skill level 9 in Unarmed Combat
  7950 | D:9      | Reached skill level 5 in Conjurations
  7950 | D:9      | Reached skill level 5 in Hexes
  7950 | D:9      | Reached skill level 5 in Charms
  7950 | D:9      | Reached skill level 5 in Summonings
  7950 | D:9      | Reached skill level 5 in Necromancy
  7950 | D:9      | Reached skill level 5 in Translocations
  7950 | D:9      | Reached skill level 5 in Fire Magic
  7950 | D:9      | Reached skill level 5 in Ice Magic
  7950 | D:9      | Reached skill level 5 in Air Magic
  7950 | D:9      | Reached skill level 5 in Earth Magic
  7950 | D:9      | Reached skill level 5 in Poison Magic
  7998 | D:9      | Received a gift from Yredelemnul (2 flying skulls)
  8007 | D:9      | Reached ***** piety under Yredelemnul
  8061 | D:9      | Noticed a two-headed ogre
  8070 | D:9      | Killed a two-headed ogre
  8142 | D:9      | Found a staircase to the Orcish Mines.
  8153 | D:9      | Received a gift from Yredelemnul (a wight)
  8356 | D:10     | Entered Level 10 of the Dungeon
  8523 | D:10     | Killed an unseen horror
  8636 | D:10     | Found Gonkoch's Distillery.
  8636 | D:10     | Noticed Maurice
  8650 | D:10     | Killed Maurice
  8758 | D:10     | Noticed Erolcha
  8808 | D:10     | Killed Erolcha
  8868 | D:10     | Noticed Psyche
  8890 | D:10     | Killed Psyche
  9125 | D:11     | Reached XP level 12. HP: 91/91 MP: 21/24
  9152 | D:11     | Received a gift from Yredelemnul (3 flying skulls)
  9287 | D:11     | Noticed Josephine
  9490 | D:11     | Received a gift from Yredelemnul (3 flying skulls)
  9605 | D:11     | Received a gift from Yredelemnul (a vampire)
  9628 | D:11     | Noticed Sonja
  9661 | D:11     | Killed Josephine
  9680 | D:11     | Killed Sonja
  9756 | D:11     | Got a slimy shield
  9757 | D:11     | Identified the +4 shield "Zylidexo" {+Fly rPois rN+ Dex+2} (You found it on level 11 of the Dungeon)
  9924 | D:12     | Noticed Frances
  9928 | D:12     | Noticed a soul eater
  9933 | D:12     | Received a gift from Yredelemnul (a wight)
 10207 | D:12     | Received a gift from Yredelemnul (a wraith)
 10410 | D:12     | Noticed a soul eater
 10415 | D:12     | Demolished by a soul eater

Vault maps used:
D:1:      dpeg_arrival_boxorama
D:2:      kennysheep_ying_yang, uniq_jessica
D:3:      minmay_roachtagon, marbit_many_paths, first_bread, uniq_natasha
D:4:      serial_shops, shop, okawaru_gym_becter, uniq_grinder
D:5:      kennysheep_mini, fedhas_altar_1, hangedman_decor_points,
          roderic_roman_lattice, uniq_eustachio
D:6:      gammafunk_temple_overflow_forgotten, minmay_temple_entry_large_hall,
          nrook_mini_vaults
D:7:      serial_undead, serial_undead_c, serial_undead_c, serial_undead_b,
          serial_undead_a, serial_undead_b, serial_undead_e, the_bakery,
          trog_three_pillars_becter, uniq_prince_ribbit1
D:8:      nicolae_overflow_crystal_walls, serial_shops,
          nicolae_shop_behind_doors, shop, shop_fountains, tso_altar, uniq_grum
D:9:      erik_lair_dragon, erik_orc_2, serial_ice, serial_ice_o, serial_ice_e,
          serial_ice_h, serial_ice_m, serial_ice_k, serial_ice_d, serial_ice_g
D:10:     serial_shops, shop, uniq_psyche, uniq_erolcha, uniq_maurice
D:11:     uniq_sonja, uniq_josephine
D:12:     minivault_1, nicolae_underground_beach, uniq_frances

Skill      XL: |  1  2  3  4  5  6  7  8  9 10 11 12 |
---------------+-------------------------------------+-----
Spellcasting   | 5 6 7 8 |  8.9
Invocations    | 1 2 3 4 5 6 7 8 |  8.0
Short Blades   | 1 2 3 4 5 6 7 |  7.3
Long Blades    | 1 2 3 4 5 6 7 |  7.3
Axes           | 1 2 3 4 5 6 7 |  7.3
Maces & Flails | 1 2 3 4 5 6 7 |  7.3
Polearms       | 1 2 3 4 5 6 7 |  7.3
Staves         | 1 2 3 4 5 6 7 |  7.3
Slings         | 1 2 3 4 5 6 7 |  7.3
Bows           | 1 2 3 4 5 6 7 |  7.3
Crossbows      | 1 2 3 4 5 6 7 |  7.3
Throwing       | 1 2 3 4 5 6 7 |  7.3
Armour         | 1 2 3 4 5 6 7 |  7.3
Stealth        | 1 2 3 4 5 6 7 |  7.3
Shields        | 1 2 3 4 5 6 7 |  7.3
Evocations     | 1 2 3 4 5 6 7 |  7.3
Conjurations   | 1 2 3 4 5 6 |  6.0
Hexes          | 1 2 3 4 5 6 |  6.0
Charms         | 1 2 3 4 5 6 |  6.0
Summonings     | 1 2 3 4 5 6 |  6.0
Necromancy     | 1 2 3 4 5 6 |  6.0
Translocations | 1 2 3 4 5 6 |  6.0
Fire Magic     | 1 2 3 4 5 6 |  6.0
Ice Magic      | 1 2 3 4 5 6 |  6.0
Air Magic      | 1 2 3 4 5 6 |  6.0
Earth Magic    | 1 2 3 4 5 6 |  6.0
Poison Magic   | 1 2 3 4 5 6 |  6.0
Fighting       | 3 4 5 6 7 |  7.8
Transmutations | 4 5 6 7 |  7.2
Dodging        | 5 6 7 8 |  8.7
Unarmed Combat | 7 8 9 |  9.8

Action                   |  1- 3 |  4- 6 |  7- 9 | 10-12 || total
-------------------------+-------+-------+-------+-------++-------
Melee: Unarmed           |    61 |   167 |   346 |   608 ||  1182
       Kick              |     3 |       |       |       ||     3
       Punch             |     2 |     2 |     7 |    14 ||    25
       Bite              |     2 |    12 |    30 |    37 ||    81
       Headbutt          |     1 |       |       |       ||     1
Throw: Javelin           |       |     7 |     7 |     6 ||    20
 Cast: Beastly Appendage |    13 |     1 |       |       ||    14
       Spider Form       |     1 |     2 |    12 |    19 ||    34
       Sticks to Snakes  |       |     6 |    18 |    11 ||    35
       Ice Form          |       |       |       |    12 ||    12
       Blade Hands       |       |       |       |     4 ||     4
Invok: Animate Remains   |       |     9 |    18 |       ||    27
       Animate Dead      |       |       |     4 |    24 ||    28
       Injury Mirror     |       |       |       |     2 ||     2
       Enslave Soul      |       |       |       |     2 ||     2
Evoke: Wand              |       |     1 |     1 |     6 ||     8
  Use: Scroll            |       |       |     7 |    14 ||    21
       Potion            |       |       |       |     3 ||     3
 Stab: Sleeping          |     1 |     3 |     8 |    11 ||    23
       Distracted        |       |       |     5 |    10 ||    15
       Confused          |       |       |       |     2 ||     2
  Eat: Chunk             |       |     8 |    14 |    21 ||    43
       Meat ration       |       |       |     1 |     1 ||     2
Armor: Robe              |    16 |    38 |    44 |    49 ||   147
       Skin              |       |       |     1 |    39 ||    40
Dodge: Dodged            |    48 |   112 |   269 |   531 ||   960
Block: Shield            |       |       |       |    28 ||    28

Table legend:
 A = Spawn XP
 B = Non-spawn XP
 C = Spawn XP percentage of total XP
 D = Spawn monster count
 E = Non-spawn monster count
 F = Spawn count percentage of total count
 G = Total turns spent on level
                    A         B        C        D         E        F      G
               +---------+---------+-------+---------+---------+-------+---------
         Total |       0 |   26327 |   0.0 |       0 |     390 |   0.0 | 10415
               +---------+---------+-------+---------+---------+-------+---------
           D:1 |       0 |      39 |   0.0 |       0 |      22 |   0.0 |   655
           D:2 |       0 |     107 |   0.0 |       0 |      17 |   0.0 |   966
           D:3 |       0 |     255 |   0.0 |       0 |      41 |   0.0 |   923
           D:4 |       0 |     569 |   0.0 |       0 |      25 |   0.0 |   788
           D:5 |       0 |     559 |   0.0 |       0 |      11 |   0.0 |   835
           D:6 |       0 |     947 |   0.0 |       0 |      22 |   0.0 |   867
           D:7 |       0 |    2081 |   0.0 |       0 |      43 |   0.0 |  1151
           D:8 |       0 |    4243 |   0.0 |       0 |      39 |   0.0 |  1070
           D:9 |       0 |    4290 |   0.0 |       0 |      67 |   0.0 |  1101
          D:10 |       0 |    4430 |   0.0 |       0 |      31 |   0.0 |   666
          D:11 |       0 |    6457 |   0.0 |       0 |      50 |   0.0 |   797
          D:12 |       0 |    2350 |   0.0 |       0 |      22 |   0.0 |   596
               +---------+---------+-------+---------+---------+-------+---------
